 Dungeon Crawl Stone Soup version 0.30-a0-263-ge22c4ad894 (webtiles) character file.

Game seed: 12046184972058979848

326 koil the Sneak (level 6, -3/28 HPs)
             Began as a Spriggan Enchanter on Oct 14, 2022.
             Slain by a gnoll sergeant
             ... wielding a +6 vorpal spear
              (9 damage)
             ... on level 5 of the Dungeon.
             The game lasted 00:08:04 (3723 turns).

koil the Sneak (Spriggan Enchanter)                 Turns: 3723, Time: 00:08:05

Health: -3/28      AC:  2    Str:  4    XL:     6   Next: 24%
Magic:  7/13       EV: 19    Int: 17    God:
Gold:   274        SH:  0    Dex: 17    Spells: 11/13 levels left

rFire   . . .      SeeInvis +    a - +4 dagger (venom)
rCold   . . .      Faith    .    (no shield)
rNeg    . . .      Spirit   .    q - +0 robe
rPois   .          Reflect  .    (helmet restricted)
rElec   .          Harm     .    (no cloak)
rCorr   .          Rampage  .    (gloves unavailable)
Will    +....                    (boots unavailable)
Stlth   +++.......               (no amulet)
HPRegen 0.24/turn                (no ring)
MPRegen 0.13/turn                (no ring)

@: very slightly contaminated, very quick
A: very small, no large weapons, unfitting armour, see invisible, speed 3
a: no special abilities


You were on level 5 of the Dungeon.
You visited 1 branch of the dungeon, and saw 5 of its levels.

You collected 274 gold pieces.

Inventory:

Hand Weapons
 a - a +4 dagger of venom (weapon)
 n - a +1 dagger
Missiles
 i - 3 poisoned darts (quivered)
 t - 6 atropa-tipped darts
Armour
 b - a +0 robe
 q - a +0 robe (worn)
Magical Staves
 k - a staff of fire
Wands
 r - a wand of flame (5)
Scrolls
 d - 4 scrolls of teleportation {unknown}
 e - 2 scrolls of magic mapping {unknown}
 f - a scroll of enchant weapon {unknown}
 g - a scroll of silence {unknown}
 h - 3 scrolls of amnesia {unknown}
 j - a scroll of fear {unknown}
 l - a scroll of immolation {unknown}
 m - 4 scrolls of identify {unknown}
 p - a scroll of brand weapon {unknown}
Potions
 c - 3 potions of invisibility
 o - 2 potions of heal wounds {unknown}
 s - a potion of might {unknown}
 u - 2 potions of haste {unknown}
 v - 2 potions of curing {unknown}


   Skills:
 + Level 0.1 Fighting
 + Level 3.1 Short Blades
 + Level 4.6 Dodging
 + Level 6.2 Stealth
 + Level 4.3 Spellcasting
 + Level 4.9 Hexes


You had 11 spell levels left.
You knew the following spells:

 Your Spells              Type           Power      Damage    Failure   Level
a - Ensorcelled Hibernat  Hex/Ice        24%        N/A       9%          2

Your spell library contained the following spells:

 Spells                   Type           Power      Damage    Failure   Level
 Confusing Touch          Hex            20%        N/A       6%          3
 Tukima's Dance           Hex            20%        N/A       6%          3
 Summon Small Mammal      Summ           12%        N/A       16%         1
 Dazzling Flash           Conj/Hex       24%        N/A       17%         3
 Summon Guardian Golem    Hex/Summ       12%        N/A       17%         3
 Call Canine Familiar     Summ           3%         N/A       43%         3
 Spider Form              Tmut/Pois      3%         N/A       43%         3
 Vhi's Electric Charge    Tloc/Air       6%         N/A       43%         3
 Anguish                  Hex/Necr       6%         N/A       50%         4
 Arcjolt                  Conj/Air       1%         1d11      99%         5
 Maxwell's Capacitive Co  Air            1%         ∞         100%        8


Dungeon Overview and Level Annotations

Branches:
Dungeon (5/15)
 Temple: D:4-7

Altars:
Ashenzari
Makhleb


Innate Abilities, Weirdness & Mutations

You are very small and have problems with some larger weapons.
You are too small for most types of armour.
You have supernaturally acute eyesight. (SInv)
You cover ground extremely quickly. (Speed+++)


Message History

Aim: a gnoll, wielding a +0 spear (chance to affect: 54%)
The gnoll looks drowsy...
The helpless gnoll fails to defend itself.
You skewer the gnoll like a kebab!!!
You kill the gnoll!
Magic restored.
Done exploring.
Things that are here:
a +0 spear; a +0 whip
There is a stone staircase leading down here.
You climb downwards.
The gnoll sergeant closely misses you.
There is a stone staircase leading up here.
Casting: Ensorcelled Hibernation (safe; 9% risk of failure)
Confirm with . or Enter, or press ? or * to list all spells.
Aiming: Ensorcelled Hibernation (safe; 9% risk of failure)
Press: ? - help, Shift-Dir - straight line, f - gnoll sergeant
Aim: a gnoll sergeant, wielding a +6 vorpal spear and wearing a +0 scale mail (chance to affect: 46%)
The gnoll sergeant resists with some effort.
The gnoll shouts!
Casting: Ensorcelled Hibernation (safe; 9% risk of failure)
Confirm with . or Enter, or press ? or * to list all spells.
Aiming: Ensorcelled Hibernation (safe; 9% risk of failure)
Press: ? - help, Shift-Dir - straight line, f/p - gnoll sergeant
Aim: a gnoll sergeant, wielding a +6 vorpal spear and wearing a +0 scale mail (chance to affect: 46%)
You miscast Ensorcelled Hibernation.
You are very lightly contaminated with residual magic.
Nothing appears to happen.
The gnoll sergeant hits you with a +6 vorpal spear!
The gnoll hits you from afar with a +0 halberd.
Casting: Ensorcelled Hibernation (safe; 9% risk of failure)
Confirm with . or Enter, or press ? or * to list all spells.
Aiming: Ensorcelled Hibernation (safe; 9% risk of failure)
Press: ? - help, Shift-Dir - straight line, f/p - gnoll sergeant
Aim: a gnoll sergeant, wielding a +6 vorpal spear and wearing a +0 scale mail (chance to affect: 46%)
The gnoll sergeant resists with some effort.
The gnoll completely misses you.
The gnoll sergeant hits you with a +6 vorpal spear.
* * * LOW HITPOINT WARNING * * *
x2 The gnoll sergeant hits you with a +6 vorpal spear!
You die...

#.# #.# #.#
#.# #.# # #.#
###.##g######
#....@<.g...#
#...########.#
..#


You could see a gnoll sergeant and a gnoll.

Vanquished Creatures
  A black bear (D:4)
  An orc priest (D:4)
  An iguana (D:4)
  3 gnolls (D:4)
  6 adders
  A worm (D:3)
  3 dart slugs
  3 orcs (D:4)
  8 endoplasms
  4 giant cockroaches (D:1)
  8 goblins
  10 hobgoblins
  9 kobolds
  6 quokkas
  5 ball pythons
  5 bats
  5 frilled lizards
  5 rats
84 creatures vanquished.

Notes
Turn   | Place    | Note
-------+----------+-------------------------------------------
     0 | D:1      | koil the Spriggan Enchanter began the quest for the Orb.
     0 | D:1      | Reached XP level 1. HP: 9/9 MP: 5/5
   193 | D:1      | Reached XP level 2. HP: 13/13 MP: 6/6
   196 | D:1      | Learned a level 2 spell: Ensorcelled Hibernation
   856 | D:2      | Reached XP level 3. HP: 15/16 MP: 5/8
   962 | D:2      | Reached skill level 5 in Stealth
  1596 | D:3      | Reached XP level 4. HP: 17/21 MP: 2/10
  2605 | D:4      | Reached XP level 5. HP: 16/24 MP: 5/11
  2613 | D:4      | Noticed a black bear
  3231 | D:4      | Found a broken altar of Ashenzari.
  3236 | D:4      | Found a burning altar of Makhleb.
  3341 | D:4      | Killed a black bear
  3342 | D:4      | Reached skill level 6 in Stealth
  3342 | D:4      | Reached XP level 6. HP: 28/28 MP: 6/13
  3631 | D:5      | Entered Level 5 of the Dungeon
  3723 | D:5      | Slain by a gnoll sergeant

Illustrated notes

Levels and vault maps discovered:
D:1:      psy_arrival_terrarium, layout_basic
D:2:      layout_loops_ring
D:3:      layout_basic
D:4:      layout_basic, mainiacjoe_overflow_catwalk_spiral
D:5:      minmay_evil_eye, layout_loops_ring, minmay_temple_entry_stoned_glass,
          lexackson_kobold_supper

Skill      XL: |  1  2  3  4  5 |
---------------+----------------+-----
Dodging        | 3 4 |  4.6
Spellcasting   | 3 4 |  4.3
Hexes          | 4 |  4.9
Stealth        | 5 6 |  6.2
Short Blades   | 2 3 |  3.1
Fighting       | |  0.1

Action                   |  1- 3 |  4- 6 || total
-------------------------+-------+-------++-------
Melee: Dagger            |   166 |    78 ||   244
       Punch             |       |     1 ||     1
 Cast: Ensorcelled Hiber |     9 |    24 ||    33
 Stab: Sleeping          |    17 |    18 ||    35
Armor: Robe              |    10 |     1 ||    11
Dodge: Dodged            |   130 |    58 ||   188

Table legend: (Time is in decaauts)
 A = Elapsed time spent in this place.
 B = Non-inter-level travel time spent in this place.
 C = Inter-level travel time spent in this place.
 D = Time resting spent in this place.
 E = Time spent auto-exploring this place.
 F = Levels seen in this place.
 G = Mean time per level.
                   A        B        C        D        E       F      G
               +--------+--------+--------+--------+--------+-----+--------+
         Total |   2680 |   2558 |    122 |    242 |   1755 |   5 |  536.0 |
       Dungeon |   2680 |   2558 |    122 |    242 |   1755 |   5 |  536.0 |
               +--------+--------+--------+--------+--------+-----+--------+

Top non-repeatable levels by time:
     D:3: 841 daAuts
     D:4: 727 daAuts
     D:1: 605 daAuts
     D:2: 501 daAuts
     D:5: 6 daAuts
